TOP OF THE 1ST |
Mile High Broncos batting - Pitching for Las Vegas Stars : RHP Dema Mitenkov
|
Pitching: RHP Dema Mitenkov
|
|
Batting: LHB Ernesto López
|
0-0: Called Strike 0-1: SINGLE (Groundball, 6MD)
|
Batting: SHB Tom Stevens
|
0-0: Ball 1-0: DOUBLE (Groundball, 5L) Ernesto López to third
|
Batting: LHB Mark Everett
|
0-0: Called Strike 0-1: Ball 1-1: Foul Ball, location: 2F 1-2: SINGLE (Line Drive, 78S) Ernesto López scores Tom Stevens to third
|
Batting: RHB Jeff Packard
|
0-0: Ball 1-0: Ball 2-0: Ball 3-0: Grounds into double play, 6-4-3 (Groundball, 6) Tom Stevens scores
|
Batting: RHB David Moran
|
0-0: Ball 1-0: Called Strike 1-1: Ground out 5-3 (Groundball, 56S)
|
Top of the 1st over - 2 run(s), 3 hit(s), 0 error(s), 0 left on base; Mile High 2 - Las Vegas 0 |
BOTTOM OF THE 1ST |
Las Vegas Stars batting - Pitching for Mile High Broncos : RHP Luis De Los Ángeles
|
Pitching: RHP Luis De Los Ángeles
|
|
Batting: RHB Jonathan MacVey
|
0-0: Ball 1-0: Foul Ball, location: 2F 1-1: Ball 2-1: Swinging Strike 2-2: Ball 3-2: SINGLE (Flyball, 9LS)
|
Batting: RHB Juan Valverde
|
0-0: Called Strike 0-1: Ball 1-1: Foul Ball, location: 2F 1-2: Strikes out swinging
|
Batting: LHB Bryan Foster
|
0-0: Ball 1-0: Ball 2-0: Ball 3-0: Called Strike 3-1: Called Strike 3-2: Foul Ball, location: 2F 3-2: Grounds into double play, 4-6-3 (Groundball, 34)
|
Bottom of the 1st over - 0 run(s), 1 hit(s), 0 error(s), 0 left on base; Mile High 2 - Las Vegas 0 |
TOP OF THE 2ND |
Mile High Broncos batting - Pitching for Las Vegas Stars : RHP Dema Mitenkov
|
Batting: RHB Rodney González
|
0-0: Called Strike 0-1: Ground out 6-3 (Groundball, 6M)
|
Batting: LHB Milton Watson
|
0-0: Ball 1-0: Called Strike 1-1: Swinging Strike 1-2: Strikes out looking
|
Batting: RHB Richard Bankhead
|
0-0: Ball 1-0: Ball 2-0: Called Strike 2-1: Fly out, F3 (Popup, 3L)
|
Top of the 2nd over - 0 run(s), 0 hit(s), 0 error(s), 0 left on base; Mile High 2 - Las Vegas 0 |
BOTTOM OF THE 2ND |
Las Vegas Stars batting - Pitching for Mile High Broncos : RHP Luis De Los Ángeles
|
Batting: RHB Kyle Bacon
|
0-0: Ground out 4-3 (Groundball, 4)
|
Batting: SHB Héctor Barajas
|
0-0: Ball 1-0: Called Strike 1-1: Ball 2-1: SINGLE (Line Drive, 9)
|
Batting: LHB Diego Torres
|
0-0: Ball 1-0: Swinging Strike 1-1: Foul Ball, location: 2F 1-2: Ball 2-2: Ball 3-2: Foul Ball, location: 2F 3-2: Fielders Choice at 2nd, 4-6 (Groundball, 4)
|
Batting: LHB Joaquín González
|
0-0: Called Strike 0-1: SINGLE (Groundball, 34D) Diego Torres to second Throwing error, E9 Diego Torres scores Joaquín González to second
|
Batting: RHB Ryan McBride
|
0-0: Called Strike 0-1: Ball 1-1: Fly out, F8 (Flyball, 78D)
|
Bottom of the 2nd over - 1 run(s), 2 hit(s), 1 error(s), 1 left on base; Mile High 2 - Las Vegas 1 |
TOP OF THE 3RD |
Mile High Broncos batting - Pitching for Las Vegas Stars : RHP Dema Mitenkov
|
Batting: RHB Evan Robinson
|
0-0: Ball 1-0: Called Strike 1-1: Ball 2-1: Ball 3-1: Swinging Strike 3-2: Base on Balls
|
Batting: LHB Ernesto López
|
0-0: Ball 1-0: Fly out, F7 (Line Drive, 7D)
|
Batting: SHB Tom Stevens
|
0-0: Ball 1-0: Ball 2-0: Called Strike 2-1: TRIPLE (Line Drive, 9LS) Evan Robinson scores
|
Batting: LHB Mark Everett
|
0-0: Called Strike 0-1: Fly out, F8 (Flyball, 8LD) Runner from 3rd tags up, SCORES, no throw
|
Batting: RHB Jeff Packard
|
0-0: Ball 1-0: DOUBLE (Flyball, 78XD)
|
Batting: RHB David Moran
|
0-0: Called Strike 0-1: Swinging Strike 0-2: Foul Ball, location: 2F 0-2: Ball 1-2: Ball 2-2: Ball 3-2: Strikes out looking
|
Top of the 3rd over - 2 run(s), 2 hit(s), 0 error(s), 1 left on base; Mile High 4 - Las Vegas 1 |
BOTTOM OF THE 3RD |
Las Vegas Stars batting - Pitching for Mile High Broncos : RHP Luis De Los Ángeles
|
Batting: LHB Paco Rivera
|
0-0: Called Strike 0-1: Ground out 3-1 (Groundball, 34)
|
Batting: RHB Jonathan MacVey
|
0-0: Ball 1-0: Ball 2-0: Ball 3-0: Fly out, F7 (Flyball, 7LM)
|
Batting: RHB Juan Valverde
|
0-0: Ball 1-0: Ball 2-0: Foul Ball, location: 2F 2-1: Swinging Strike 2-2: Reached on error, E6 (Groundball, 6)
|
Batting: LHB Bryan Foster
|
0-0: Called Strike 0-1: Ball 1-1: Fielders Choice at 2nd, 4-6 (Groundball, 4)
|
Bottom of the 3rd over - 0 run(s), 0 hit(s), 1 error(s), 0 left on base; Mile High 4 - Las Vegas 1 |
TOP OF THE 4TH |
Mile High Broncos batting - Pitching for Las Vegas Stars : RHP Dema Mitenkov
|
Batting: RHB Rodney González
|
0-0: Ball 1-0: Ground out 5-3 (Groundball, 56)
|
Batting: LHB Milton Watson
|
0-0: Ball 1-0: Ball 2-0: Foul Ball, location: 2F 2-1: Ball 3-1: Swinging Strike 3-2: Foul Ball, location: 2F 3-2: Ground out 4-3 (Groundball, 4)
|
Batting: RHB Richard Bankhead
|
0-0: Swinging Strike 0-1: Swinging Strike 0-2: Ball 1-2: Strikes out looking
|
Top of the 4th over - 0 run(s), 0 hit(s), 0 error(s), 0 left on base; Mile High 4 - Las Vegas 1 |
BOTTOM OF THE 4TH |
Las Vegas Stars batting - Pitching for Mile High Broncos : RHP Luis De Los Ángeles
|
Batting: RHB Kyle Bacon
|
0-0: Swinging Strike 0-1: Ball 1-1: Ball 2-1: Swinging Strike 2-2: Strikes out looking
|
Batting: SHB Héctor Barajas
|
0-0: Called Strike 0-1: Fly out, F9 (Flyball, 9LSF)
|
Batting: LHB Diego Torres
|
0-0: Called Strike 0-1: Foul Ball, location: 2F 0-2: Ball 1-2: Fly out, F2 (Popup, 2L)
|
Bottom of the 4th over - 0 run(s), 0 hit(s), 0 error(s), 0 left on base; Mile High 4 - Las Vegas 1 |
TOP OF THE 5TH |
Mile High Broncos batting - Pitching for Las Vegas Stars : RHP Dema Mitenkov
|
Batting: RHB Evan Robinson
|
0-0: Swinging Strike 0-1: Fly out, F8 (Flyball, 89D)
|
Batting: LHB Ernesto López
|
0-0: Foul Ball, location: 2F 0-1: Ground out U3 (Groundball, 3S)
|
Batting: SHB Tom Stevens
|
0-0: Foul Ball, location: 2F 0-1: Called Strike 0-2: Ball 1-2: Strikes out looking
|
Top of the 5th over - 0 run(s), 0 hit(s), 0 error(s), 0 left on base; Mile High 4 - Las Vegas 1 |
BOTTOM OF THE 5TH |
Las Vegas Stars batting - Pitching for Mile High Broncos : RHP Luis De Los Ángeles
|
Batting: LHB Joaquín González
|
0-0: Called Strike 0-1: Ball 1-1: Fly out, F7 (Flyball, 78S)
|
Batting: RHB Ryan McBride
|
0-0: Ball 1-0: Foul Ball, location: 2F 1-1: Foul Ball, location: 2F 1-2: Ball 2-2: Foul Ball, location: 2F 2-2: Foul Ball, location: 2F 2-2: SOLO HOME RUN (Flyball, 7D), Distance : 398 ft
|
Batting: LHB Paco Rivera
|
0-0: Ball 1-0: Fly out, F4 (Popup, 4)
|
Batting: RHB Jonathan MacVey
|
0-0: Ball 1-0: Foul Ball, location: 2F 1-1: Foul Ball, location: 2F 1-2: Fly out, F7 (Flyball, 7)
|
Bottom of the 5th over - 1 run(s), 1 hit(s), 0 error(s), 0 left on base; Mile High 4 - Las Vegas 2 |
TOP OF THE 6TH |
Mile High Broncos batting - Pitching for Las Vegas Stars : RHP Dema Mitenkov
|
Batting: LHB Mark Everett
|
0-0: Swinging Strike 0-1: DOUBLE (Line Drive, 78D)
|
Batting: RHB Jeff Packard
|
0-0: Ball 1-0: Foul Ball, location: 2F 1-1: Ball 2-1: Called Strike 2-2: SINGLE (Line Drive, 56D) Mark Everett to third
|
Batting: RHB David Moran
|
0-0: Called Strike 0-1: Ball 1-1: Ball 2-1: Foul Ball, location: 2F 2-2: Strikes out looking
|
Batting: RHB Rodney González
|
0-0: Ball 1-0: Fielders Choice at 2nd, 6-4 (Groundball, 6) Mark Everett scores
|
Batting: LHB Milton Watson
|
0-0: Ball 1-0: Called Strike 1-1: Ball 2-1: Ball 3-1: Base on Balls Rodney González to second
|
Batting: RHB Richard Bankhead
|
0-0: Ball 1-0: Ball 2-0: Called Strike 2-1: Ball 3-1: Ground out 6-3 (Groundball, 6MS)
|
Top of the 6th over - 1 run(s), 2 hit(s), 0 error(s), 2 left on base; Mile High 5 - Las Vegas 2 |
BOTTOM OF THE 6TH |
Las Vegas Stars batting - Pitching for Mile High Broncos : RHP Luis De Los Ángeles
|
Batting: RHB Juan Valverde
|
0-0: DOUBLE (Line Drive, 7LD)
|
Batting: LHB Bryan Foster
|
0-0: Ball 1-0: Fly out, F3 (Popup, 3L)
|
Batting: RHB Kyle Bacon
|
0-0: Foul Ball, location: 2F 0-1: SINGLE (Groundball, 34D) Juan Valverde to third
|
Batting: SHB Héctor Barajas
|
0-0: Ball Kyle Bacon is caught stealing 2nd base 1-0: Ball 2-0: Ball 3-0: Called Strike 3-1: DOUBLE (Flyball, 78D) Juan Valverde scores
|
Batting: LHB Diego Torres
|
0-0: Ball 1-0: Called Strike 1-1: Ball 2-1: Foul Ball, location: 2F 2-2: Strikes out swinging
|
Bottom of the 6th over - 1 run(s), 3 hit(s), 0 error(s), 1 left on base; Mile High 5 - Las Vegas 3 |
TOP OF THE 7TH |
Mile High Broncos batting - Pitching for Las Vegas Stars : RHP Dema Mitenkov
|
Pitching: RHP Flint Gray
|
|
Batting: RHB Evan Robinson
|
0-0: Foul Ball, location: 2F 0-1: Ball 1-1: Ball 2-1: Foul Ball, location: 2F 2-2: Strikes out swinging
|
Batting: LHB Ernesto López
|
0-0: Ball 1-0: TRIPLE (Flyball, 78XD)
|
Batting: SHB Tom Stevens
|
0-0: Foul Ball, location: 2F 0-1: Swinging Strike 0-2: Strikes out swinging
|
Batting: LHB Mark Everett
|
0-0: Swinging Strike 0-1: Foul Ball, location: 2F 0-2: Ball 1-2: Foul Ball, location: 2F 1-2: Foul Ball, location: 2F 1-2: Strikes out swinging
|
Top of the 7th over - 0 run(s), 1 hit(s), 0 error(s), 1 left on base; Mile High 5 - Las Vegas 3 |
BOTTOM OF THE 7TH |
Las Vegas Stars batting - Pitching for Mile High Broncos : RHP Luis De Los Ángeles
|
Batting: LHB Joaquín González
|
0-0: Called Strike 0-1: Ball 1-1: Ball 2-1: Ground out 4-3 (Groundball, 4S)
|
Batting: RHB Ryan McBride
|
0-0: Ball 1-0: Called Strike 1-1: Ball 2-1: Foul Ball, location: 2F 2-2: Ball 3-2: Base on Balls
|
Pitching: RHP David Bailey
|
|
Batting: LHB Paco Rivera
|
0-0: Ball Pickoff Throw to First - Out! 1-0: Ball 2-0: Ball 3-0: Foul Ball, location: 2F 3-1: Swinging Strike 3-2: DOUBLE (Line Drive, 9LS)
|
Batting: RHB Jonathan MacVey
|
0-0: Ball 1-0: Ball 2-0: Ball 3-0: Called Strike 3-1: Base on Balls
|
Batting: RHB Juan Valverde
|
0-0: Foul Ball, location: 2F 0-1: Ball 1-1: Ball 2-1: Foul Ball, location: 2F 2-2: Ball 3-2: Base on Balls Paco Rivera to third Jonathan MacVey to second
|
Pitching: LHP Robin Wilder
|
|
Batting: LHB Bryan Foster
|
0-0: SINGLE (Line Drive, 89M) Paco Rivera scores Jonathan MacVey to third Juan Valverde to second
|
Pitching: LHP Jorge García
|
|
Pinch Hitting: RHB Ron Shelton
|
0-0: Ball 1-0: Called Strike 1-1: Ball 2-1: Called Strike 2-2: Foul Ball, location: 2F 2-2: Ball 3-2: Foul Ball, location: 2F 3-2: Foul Ball, location: 2F 3-2: Foul Ball, location: 2F 3-2: Base on Balls Jonathan MacVey scores Juan Valverde to third Bryan Foster to second
|
Pinch Hitting: RHB José Zúñiga
|
0-0: Foul Ball, location: 2F 0-1: Ball 1-1: Ball 2-1: Called Strike 2-2: Foul Ball, location: 2F 2-2: Fly out, F6 (Popup, 4MS)
|
Bottom of the 7th over - 2 run(s), 2 hit(s), 0 error(s), 3 left on base; Mile High 5 - Las Vegas 5 |
TOP OF THE 8TH |
Mile High Broncos batting - Pitching for Las Vegas Stars : RHP Flint Gray
|
Now at 2B: José Zúñiga
|
|
Now at 3B: Brian George
|
|
Batting: RHB Jeff Packard
|
0-0: Ball 1-0: Called Strike 1-1: Ball 2-1: Ground out 5-3 (Groundball, 56)
|
Pinch Hitting: LHB Tony Báez
|
0-0: Ball 1-0: Foul Ball, location: 2F 1-1: Swinging Strike 1-2: Ground out 6-3 (Groundball, 6D)
|
Batting: RHB Rodney González
|
0-0: Called Strike 0-1: Called Strike 0-2: Ball 1-2: Ball 2-2: Foul Ball, location: 2F 2-2: Fly out, F9 (Flyball, 9LS)
|
Top of the 8th over - 0 run(s), 0 hit(s), 0 error(s), 0 left on base; Mile High 5 - Las Vegas 5 |
BOTTOM OF THE 8TH |
Las Vegas Stars batting - Pitching for Mile High Broncos : LHP Jorge García
|
Now at 3B: Enrique Bermúdez
|
|
Pinch Hitting: SHB Sloan James
|
0-0: Fly out, F9 (Flyball, 9LSF)
|
Pinch Hitting: RHB Douglas Davis
|
0-0: Called Strike 0-1: DOUBLE (Flyball, 78XD) - OUT at third base trying to stretch hit.
|
Batting: RHB Ryan McBride
|
0-0: SINGLE (Line Drive, 7S)
|
Batting: LHB Paco Rivera
|
0-0: SINGLE (Groundball, 6D) Ryan McBride to second
|
Batting: RHB Jonathan MacVey
|
0-0: Ball 1-0: Fielders Choice at 2nd, U4 (Groundball, 4M)
|
Bottom of the 8th over - 0 run(s), 3 hit(s), 0 error(s), 2 left on base; Mile High 5 - Las Vegas 5 |
TOP OF THE 9TH |
Mile High Broncos batting - Pitching for Las Vegas Stars : RHP Flint Gray
|
Pitching: LHP Jesús González
|
|
Now in LF: William Wolf
|
|
Now in RF: Douglas Davis
|
|
Pinch Hitting: RHB Su-kweon Yu
|
0-0: Ball 1-0: Called Strike 1-1: Ball 2-1: Swinging Strike 2-2: Strikes out swinging
|
Batting: RHB Richard Bankhead
|
0-0: Ball 1-0: Ground out U3 (Groundball, 3S)
|
Batting: RHB Evan Robinson
|
0-0: Called Strike 0-1: Ball 1-1: Ball 2-1: Ground out 6-3 (Groundball, 6)
|
Top of the 9th over - 0 run(s), 0 hit(s), 0 error(s), 0 left on base; Mile High 5 - Las Vegas 5 |
BOTTOM OF THE 9TH |
Las Vegas Stars batting - Pitching for Mile High Broncos : LHP Jorge García
|
Now in RF: Su-kweon Yu
|
|
Batting: RHB Juan Valverde
|
0-0: Foul Ball, location: 2F 0-1: Ball 1-1: Ball 2-1: Called Strike 2-2: SOLO HOME RUN (Line Drive, 7D), Distance : 416 ft
|
Thursday, March 30th, 2017 - OOTP Baseball 17.12 Build 75
|
|